Map: Frozen Temple

Players

Beastyqt

  • Race: Terran Terran
  • League: Master

MarineLorD - Winner!

  • Race: Terran Terran
  • League: Master

VOD

Have the link to the VOD?

Description

Time

  • Played on: Nov. 23, 2016, 3:16 p.m.
  • Length: 20:20
Show
View Real Time Build Order
Export as new Build Order

Beastyqt Terran 

Build Orders: Hellion Opening, Mech 

Get SALT Encoding   

  12  0:00  SCV  
  13  0:13  SCV  
  14  0:17  Supply Depot  
  14  0:25  SCV  
  15  0:28  Refinery  
  15  0:39  SCV  
  16  0:44  Barracks  
  16  0:51  SCV  
  17  1:03  SCV  
  18  1:15  SCV  
  19  1:32  Orbital Command, Reaper  
  20  1:46  Command Center  
  20  2:01  SCV  
  21  2:02  Factory  
  21  2:05  Barracks Reactor  
  21  2:13  SCV  
  21  2:15  Supply Depot  
  22  2:25  SCV  
  23  2:34  Refinery  
  22  2:37  SCV  
  23  2:48  Starport  
  23  2:50  SCV  
  24  2:53  Hellion  
  24  2:54  Hellion  
  28  3:02  Orbital Command  
  28  3:04  SCV  
  29  3:15  Hellion  
  29  3:16  SCV  
  29  3:17  Hellion  
  33  3:20  Barracks Tech Lab  
  30  3:27  Viking  
  33  3:32  SCV  
  36  3:40  Hellion x2  
  40  3:43  SCV  
  39  3:49  SCV  
  39  3:55  SCV  
  41  3:56  Supply Depot  
  41  4:01  SCV  
  42  4:04  Raven  
  42  4:08  SCV  
  45  4:13  Supply Depot  
  45  4:14  SCV  
  46  4:18  Hellion  
  46  4:19  Hellion  
  46  4:23  SCV  
  51  4:26  SCV  
  52  4:35  SCV  
  53  4:43  SCV  
  53  4:44  Command Center  
  54  4:50  SCV  
  55  4:53  Supply Depot  
  55  4:54  Siege Tank, Supply Depot  
  55  4:57  SCV  
  59  5:03  SCV  
  59  5:06  Refinery  
  60  5:07  Refinery  
  60  5:08  Viking  
  62  5:15  Supply Depot, SCV  
  62  5:18  Viking  
  62  5:20  Barracks Reactor  
  65  5:23  SCV  
  64  5:29  SCV  
  64  5:35  SCV  
  66  5:37  Siege Tank  
  66  5:39  Viking  
  66  5:41  SCV  
  72  5:45  Supply Depot  
  72  5:47  SCV  
  73  5:53  SCV  
  73  5:55  Viking  
  76  5:59  SCV  
  77  6:05  Factory  
  77  6:06  Factory  
  77  6:07  Armory, SCV  
  78  6:12  Orbital Command  
  78  6:14  SCV  
  79  6:19  SCV  
  79  6:23  Siege Tank  
  83  6:26  SCV  
  83  6:30  Viking  
  83  6:31  Engineering Bay  
  86  6:33  SCV  
  86  6:37  Viking  
  89  6:40  SCV  
  89  6:41  SCV  
  89  6:45  SCV  
  92  6:49  Supply Depot  
  92  6:50  Factory Tech Lab  
  92  6:51  Supply Depot  
  92  6:53  Refinery, SCV  
  93  6:55  Refinery  
  93  6:56  SCV  
  93  6:58  Terran Vehicle Weapons Level 1  
  94  7:02  SCV  
  94  7:04  Siege Tank  
  94  7:05  Hellion  
  94  7:06  Hellion  
  102  7:09  SCV  
  102  7:11  SCV  
  104  7:16  SCV  
  104  7:18  Supply Depot x2  
  104  7:21  SCV  
  106  7:23  SCV  
  106  7:29  SCV  
  108  7:33  SCV  
  108  7:35  SCV  
  108  7:36  Thor  
  114  7:37  Hellion x2  
  114  7:41  Viking x2  
  116  7:45  Supply Depot  
  116  7:46  Supply Depot  
  116  7:52  Missile Turret x2  
  116  7:56  Siege Tank  
  119  8:01  Factory x2  
  117  8:07  Hellion x2  
  117  8:11  Supply Depot  
  122  8:15  Viking x2  
  126  8:22  Command Center  
  125  8:33  Siege Tank, Hellion x2  
  122  8:34  Liberator  
  122  8:35  Liberator, Hellion  
  108  8:43  Starport  
  108  8:44  Fusion Core  
  100  8:50  Factory Tech Lab  
  100  8:51  Factory Reactor  
  100  8:54  Hellion  
  100  8:55  SCV  
  106  8:59  SCV  
  103  9:05  SCV  
  104  9:12  Sensor Tower, Terran Vehicle Weapons Level 2  
  104  9:16  Widow Mine x2  
  108  9:17  Fusion Core  
  108  9:18  Widow Mine  
  108  9:20  Siege Tank, Supply Depot  
  108  9:21  SCV  
  114  9:28  Starport Tech Lab  
  114  9:33  Siege Tank  
  114  9:34  Hellion  
  114  9:35  Hellion  
  119  9:46  Hellion x2  
  119  9:47  Siege Tank  
  119  9:49  Infernal Pre-Igniter  
  122  9:58  Viking  
  122  9:59  Viking x2  
  128  10:06  Planetary Fortress  
  128  10:08  Refinery, Hellion x3, SCV  
  128  10:09  Missile Turret  
  128  10:10  Refinery  
  135  10:16  Siege Tank, Hellion  
  135  10:17  Hellion  
  140  10:24  Missile Turret, SCV x3  
  143  10:33  Viking x2  
  147  10:36  SCV x2  
  147  10:38  Liberator  
  147  10:39  SCV  
  147  10:45  SCV  
  147  10:48  SCV  
  149  10:55  Advanced Ballistics  
  152  11:00  Starport, Supply Depot x2  
  152  11:04  Thor  
  156  11:08  Command Center  
  156  11:09  Thor  
  156  11:10  Hellion  
  164  11:11  Liberator  
  164  11:15  Barracks  
  163  11:21  Thor  
  163  11:23  Hellion x2  
  173  11:26  Hellion  
  173  11:31  Terran Ship Weapons Level 1, Hellion  
  180  11:32  Refinery  
  180  11:44  Widow Mine x2  
  180  11:45  Starport Reactor, Viking  
  186  11:53  Viking  
  188  12:00  Supply Depot  
  188  12:01  Supply Depot  
  186  12:09  Drilling Claws  
  186  12:10  Liberator  
  186  12:11  Viking  
  188  12:21  Orbital Command  
  188  12:28  Siege Tank  
  188  12:29  Hellion  
  200  12:30  Hellion x2  
  200  12:37  Missile Turret  
  200  12:47  Refinery x2  
  200  12:58  Command Center  
  200  13:07  Liberator, Engineering Bay  
  200  13:09  Supply Depot  
  196  13:20  Missile Turret  
  196  13:21  Sensor Tower  
  196  13:22  Missile Turret  
  196  13:24  Missile Turret  
  196  13:26  Unknown  
  191  13:41  Thor  
  197  13:43  Siege Tank  
  197  13:46  Hellion x2  
  197  13:48  Hellion x2  
  200  13:49  Liberator x2  
  196  13:58  Hellion  
  183  14:08  Hellion, Viking  
  179  14:13  Hellion x2  
  179  14:15  Orbital Command  
  178  14:19  Viking x2  
  178  14:23  SCV x2  
  165  14:28  Hellion x3  
  156  14:37  Viking  
  158  14:44  Siege Tank  
  158  14:45  Hellion x3  
  151  14:48  Liberator x3  
  151  14:49  Viking  
  151  14:50  Hellion x2  
  116  14:59  SCV  
  109  15:07  SCV  
  109  15:09  SCV  
  109  15:11  SCV  
  109  15:13  SCV  
  105  15:19  SCV  
  105  15:21  Orbital Command  
  99  15:26  Siege Tank, SCV  
  88  15:38  Orbital Command  
  72  15:44  Siege Tank, Hellion  
  72  15:52  Hellion  
  74  16:00  Viking  
  74  16:01  Liberator  
  74  16:02  Raven  
  78  16:05  SCV  
  79  16:13  Hellion  
  81  16:23  SCV  
  84  16:25  Widow Mine  
  84  16:30  Orbital Command  
  84  16:31  Hellion x2  
  86  16:43  SCV  
  86  16:45  SCV x2  
  86  16:46  SCV  
  90  16:55  SCV  
  90  16:57  SCV x2  
  93  17:03  SCV  
  93  17:04  SCV  
  93  17:07  SCV  
  96  17:11  SCV  
  96  17:12  SCV  
  98  17:16  Raven  
  98  17:21  Siege Tank, SCV  
  98  17:22  SCV  
  106  17:24  SCV  
  106  17:28  Sensor Tower  
  106  17:29  SCV  
  108  17:35  Refinery  
  108  17:36  Refinery  
  108  17:37  Viking  
  104  17:48  Hellion x2  
  104  17:51  Hellion x3  
  88  17:52  Hellion  
  88  17:54  Hellion  
  76  18:09  Hellion  
  78  18:19  Raven  
  76  18:33  Orbital Command  
  74  18:36  Refinery x2  
  74  18:38  Widow Mine x2  
  74  19:05  Orbital Command  
  74  19:07  Raven, Viking x3  
  82  19:12  Widow Mine  
  82  19:13  Widow Mine  
  80  19:37  Viking x2  
  84  19:40  Siege Tank, Hellion  
  89  19:51  Hellion  
Show
View Real Time Build Order
Export as new Build Order

MarineLorD Terran - Winner!

Build Orders: Hellion Opening, Reaper Expand, Mech 

Get SALT Encoding   

  12  0:00  SCV  
  13  0:13  SCV  
  14  0:18  Supply Depot  
  14  0:25  SCV  
  15  0:29  Refinery  
  15  0:39  SCV  
  16  0:45  Barracks  
  16  0:52  SCV  
  17  1:04  SCV  
  18  1:16  SCV  
  19  1:31  Orbital Command  
  19  1:32  Reaper  
  20  1:58  Command Center  
  20  2:01  Factory  
  20  2:02  SCV  
  20  2:07  Barracks Reactor  
  21  2:16  Supply Depot  
  21  2:17  SCV  
  22  2:29  SCV  
  22  2:39  Refinery  
  22  2:41  SCV  
  23  2:45  Starport  
  23  2:52  Hellion x2  
  23  2:53  SCV  
  23  2:56  Barracks Tech Lab  
  28  3:05  SCV  
  28  3:15  Orbital Command  
  28  3:17  SCV  
  29  3:20  Hellion x2  
  33  3:29  SCV  
  34  3:36  Raven  
  36  3:42  SCV  
  36  3:45  Hellion  
  36  3:46  Hellion  
  36  3:47  SCV  
  41  3:51  Supply Depot  
  41  3:54  SCV  
  42  3:59  SCV  
  43  4:08  Supply Depot  
  43  4:10  Engineering Bay, SCV  
  43  4:11  SCV  
  45  4:22  SCV  
  45  4:23  SCV  
  45  4:24  Siege Tank  
  50  4:27  Viking  
  50  4:30  Viking  
  54  4:34  Refinery, SCV  
  54  4:36  SCV  
  54  4:38  Barracks Tech Lab  
  56  4:41  Missile Turret  
  56  4:46  SCV  
  56  4:48  SCV  
  58  4:57  Viking  
  62  5:04  Supply Depot  
  62  5:06  Supply Depot  
  62  5:08  SCV x2  
  62  5:20  Command Center  
  62  5:25  SCV x2  
  62  5:32  Siege Tank  
  63  5:37  Viking x2, SCV x2  
  69  5:45  Refinery  
  69  5:49  SCV x2  
  71  5:55  Factory  
  71  5:59  Barracks Reactor, Supply Depot  
  71  6:01  SCV x2  
  71  6:02  Supply Depot  
  73  6:07  Siege Tank  
  76  6:13  SCV x2  
  78  6:20  Viking x2, Supply Depot  
  78  6:21  Supply Depot  
  78  6:23  Supply Depot  
  78  6:25  SCV  
  83  6:26  Supply Depot  
  83  6:28  SCV  
  84  6:36  Orbital Command  
  84  6:39  Siege Tank  
  87  6:41  SCV  
  88  6:59  SCV x2  
  88  7:00  Armory x2, Factory  
  90  7:02  Refinery  
  90  7:03  SCV  
  90  7:04  Starport Reactor, Refinery  
  93  7:08  Hellion  
  93  7:09  Hellion  
  93  7:12  Infernal Pre-Igniter, SCV  
  96  7:17  SCV x2  
  98  7:28  SCV  
  98  7:29  SCV  
  98  7:31  SCV  
  97  7:37  Siege Tank  
  97  7:38  Hellion x2  
  97  7:40  SCV  
  97  7:41  SCV  
  97  7:43  SCV  
  107  7:46  Command Center  
  107  7:51  Siege Tank  
  107  7:52  SCV  
  107  7:53  SCV  
  107  7:58  SCV  
  113  8:02  Terran Vehicle Weapons Level 1, Terran Vehicle And Ship Armor Level 1  
  113  8:09  Siege Tank  
  113  8:10  Supply Depot x2  
  116  8:13  Viking x2  
  124  8:20  Hellion x2  
  124  8:22  Factory x2  
  119  8:34  Siege Tank  
  111  8:41  Siege Tank, Hellion, Hellbat  
  111  8:48  Viking x2  
  112  9:03  Hellbat x2  
  112  9:06  Siege Tank  
  112  9:07  Command Center  
  109  9:11  Factory Tech Lab  
  109  9:12  SCV  
  109  9:13  Siege Tank, SCV x2  
  119  9:17  Hellbat x2  
  123  9:24  Hellbat x2, SCV  
  123  9:27  Sensor Tower  
  123  9:29  Siege Tank  
  129  9:38  Siege Tank, Hellbat x2  
  129  9:41  Supply Depot  
  128  9:46  Siege Tank  
  128  9:47  Hellion, Hellbat  
  128  9:48  Planetary Fortress  
  128  9:50  SCV x2  
  128  9:51  SCV  
  138  10:02  Hellion, Hellbat, SCV  
  138  10:06  Viking  
  148  10:08  Viking  
  148  10:10  Siege Tank  
  153  10:15  SCV  
  153  10:17  Missile Turret x2  
  153  10:19  Terran Vehicle And Ship Armor Level 2, Terran Vehicle Weapons Level 2  
  151  10:28  Orbital Command  
  151  10:30  SCV  
  151  10:31  SCV  
  151  10:32  Refinery  
  151  10:33  Missile Turret  
  151  10:34  Refinery  
  153  10:47  Barracks  
  153  10:59  Siege Tank x2  
  153  11:00  Hellion, Hellbat  
  166  11:18  Viking x2  
  168  11:22  Thor  
  171  11:30  Thor  
  177  11:34  Command Center  
  177  11:36  Command Center  
  177  11:43  Supply Depot  
  177  11:44  Supply Depot  
  177  11:48  Viking x2  
  177  11:49  Thor  
  187  12:05  Thor  
  193  12:10  Missile Turret  
  193  12:11  Missile Turret  
  193  12:15  Thor  
  193  12:18  Hellion x4  
  199  12:37  Hellion  
  199  12:48  Terran Vehicle And Ship Armor Level 3, Terran Ship Weapons Level 1  
  199  12:49  Starport  
  199  12:50  Orbital Command x2  
  199  12:51  Starport  
  199  12:52  Starport  
  195  13:12  Siege Tank x2  
  195  13:14  Siege Tank  
  195  13:17  Viking  
  195  13:18  Viking  
  200  13:22  Orbital Command  
  194  13:44  Siege Tank, Thor  
  194  13:46  Thor  
  192  13:50  Liberator  
  175  13:57  Viking x4  
  168  14:06  Hellbat x2  
  167  14:10  Liberator x3  
  167  14:16  Siege Tank  
  156  14:27  Siege Tank  
  148  14:46  Hellbat  
  148  14:47  Siege Tank  
  148  14:48  Siege Tank  
  120  14:55  Command Center  
  112  15:10  Orbital Command, Hellbat  
  112  15:11  Siege Tank  
  105  15:20  Siege Tank  
  95  15:30  Hellbat x2  
  93  15:43  Siege Tank  
  93  15:44  Hellbat  
  83  15:50  Viking  
  83  15:51  Hellbat  
  83  15:53  SCV  
  88  16:02  Viking  
  90  16:18  Viking x2  
  88  16:21  Viking  
  83  16:32  Viking  
  82  16:48  Viking  
  82  16:49  Viking  
  82  16:50  Hellion x2  
  82  16:51  Hellion  
  82  16:52  Hellion  
  94  16:59  Viking  
  96  17:10  Viking  
  98  17:17  SCV  
  98  17:18  Viking, SCV  
  102  17:25  Viking  
  102  17:29  SCV  
  104  17:30  SCV  
  105  17:45  Viking x2  
  105  17:54  Viking  
  105  17:55  Viking  
  98  18:19  Viking x2  
  97  18:24  Viking  
  93  18:40  SCV x2  
  95  18:52  SCV  
  95  18:53  SCV  
  93  19:04  Siege Tank x2  
  93  19:05  SCV  
  98  19:22  Hellion  
  89  19:42  Hellion  
Tags
 
Add a new tag
Caveats
  • Supply blocks, unpowered buildings, or Contaminate may cause inaccurate times.
  • Supply counts are checked every 10 seconds.